 Dungeon Crawl Stone Soup version 0.27.1-3-gb3d3a73c9e (webtiles) character file.

Game seed: 8979806492900716355

7433 barney the Grappler (level 10, -10/103 HPs)
             Began as a Grey Draconian Transmuter on Oct 6, 2021.
             Was a Follower of Vehumet.
             Mangled by a seven-headed hydra (12 damage)
             ... on level 2 of the Lair of Beasts.
             The game lasted 00:17:23 (18792 turns).

barney the Grappler (Grey Draconian Transmuter)    Turns: 18792, Time: 00:17:25

Health: -10/103    AC:  6    Str: 11    XL:     10   Next: 93%
Magic:  0/15       EV: 11    Int: 14    God:    Vehumet [*.....]
Gold:   500        SH:  0    Dex: 12    Spells: 2/16 levels left

rFire    . . .     SeeInvis +     - Unarmed
rCold    + + +     Faith    .   (shield currently unavailable)
rNeg     . . .     Spirit   +   (armour unavailable)
rPois    +         Reflect  .   (helmet currently unavailable)
rElec    .         Harm     .   (cloak currently unavailable)
rCorr    .         Rampage  .   (gloves currently unavailable)
Will     .....                  (boots currently unavailable)
Stlth    +.........             b - amulet of guardian spirit
HPRegen  0.27/turn              j - ring of protection from fire
MPRegen  0.14/turn              r - ring of see invisible

@: ice-form, attractive, very slightly contaminated
A: freezing attack, boosted hp, AC +12, amphibious, large, unfitting armour,
(cold-blooded), (hooves 1), dopey 1, weak 1
a: End Transformation, Renounce Religion


You were on level 2 of the Lair of Beasts.
You worshipped Vehumet.
Vehumet was aware of your devotion.
You were a creature of crystalline ice.
You visited 3 branches of the dungeon, and saw 11 of its levels.

You collected 695 gold pieces.
You spent 195 gold pieces at shops.

Inventory:

Hand Weapons
 n - a +2 long sword of electrocution (melded)
Missiles
 h - 2 throwing nets
Armour
 k - a +0 pair of gloves (melded)
 t - a +2 cloak (melded)
Magical Staves
 f - a staff of fire
Jewellery
 b - an amulet of guardian spirit (around neck)
 j - a ring of protection from fire (left front paw)
 o - a ring of magical power
 r - a ring of see invisible (right front paw)
Wands
 d - a wand of flame (12)
 q - a wand of iceblast (6)
 s - a wand of mindburst (12)
 u - a wand of paralysis (8)
 w - a wand of digging (5)
 y - a wand of charming (2)
Scrolls
 a - 10 scrolls of identify
 g - 2 scrolls of magic mapping
 l - a scroll of amnesia
 p - 4 scrolls of silence
Potions
 c - a potion of resistance
Miscellaneous
 v - a phantom mirror


   Skills:
 + Level 7.3 Fighting
 + Level 3.8 Dodging
 * Level 10.0 Unarmed Combat
 - Level 3.5 Spellcasting
 + Level 9.5 Transmutations
 - Level 3.0 Fire Magic
 - Level 3.0 Earth Magic
 - Level 3.3 Poison Magic
 - Level 2.4 Evocations


You had 2 spell levels left.
You knew the following spells:

 Your Spells              Type           Power      Damage    Failure   Level
a - Ignite Poison         Fire/Tmut/Pois 17%        N/A       7%          3
b - Spider Form           Tmut/Pois      10%        N/A       4%          3
c - Wereblood             Tmut           29%        N/A       1%          2
d - Ice Form              Ice/Tmut       15%        N/A       28%         4
e - Passwall              Tmut/Erth      16%        N/A       2%          2

Your spell library contained the following spells:

 Spells                   Type           Power      Damage    Failure   Level
 Freeze                   Ice            8%         1d3       21%         1
 Beastly Appendage        Tmut           58%        N/A       1%          1
 Sandblast                Erth           20%        2d7       6%          1
 Magic Dart               Conj           8%         1d3       21%         1
 Searing Ray              Conj           4%         3d3       30%         2
 Sublimation of Blood     Necr           1%         N/A       30%         2
 Conjure Flame            Conj/Fire      6%         6-21      32%         3
 Sticky Flame             Conj/Fire      6%         2d3       71%         4
 Lee's Rapid Deconstruct  Erth           5%         3d7*      86%         5
 Fulminant Prism          Conj/Hex       1%         3d6       90%         4
 Summon Hydra             Summ           1%         N/A       100%        7


Dungeon Overview and Level Annotations

Branches:
Dungeon (8/15)             Temple (1/1) D:7            Lair (2/6) D:8
  Swamp: Lair:2-4    Shoals: Lair:2-4     Snake: Lair:2-4    Spider: Lair:2-4

Altars:
Ashenzari
Cheibriados
Dithmenos
Elyvilon
Fedhas
Gozag
Hepliaklqana
Kikubaaqudgha
Makhleb
Nemelex Xobeh
Okawaru
Qazlal
Ru
Sif Muna
Trog
Uskayaw
Vehumet
Wu Jian
Xom
Yredelemnul
Zin
The Shining One

Shops:
D:5 =


Innate Abilities, Weirdness & Mutations

You are a creature of crystalline ice.
You have a powerful freezing melee attack.
Your maximum health is increased.
Your armour is entirely melded.
You are incapable of wielding weapons or throwing items.
((Your dull iron-grey scales are very hard. (AC +12)))
You are amphibious.
You cannot fit into any form of body armour.
((You are cold-blooded and may be slowed by cold attacks.))
((You have large cloven feet.))
You are dopey. (Int -2)
You are weak. (Str -2)


Message History

The seven-headed hydra is pulled toward you!
Casting: Ice Form (dangerous; 28% risk of failure)
Confirm with . or Enter, or press ? or * to list all spells.
You miscast Ice Form.
You are very lightly contaminated with residual magic.
Frost covers your body!
Unknown command.
Casting: Ice Form (dangerous; 28% risk of failure)
Confirm with . or Enter, or press ? or * to list all spells.
You turn into a creature of crystalline ice.
Your +2 long sword of electrocution melds into your body.
Your +2 cloak melds into your body.
Your +0 pair of gloves melds into your body.
Your +2 long sword of electrocution stops crackling.
The seven-headed hydra bites you! x2
The seven-headed hydra completely misses you.
The seven-headed hydra bites you but does no damage.
The seven-headed hydra misses you. The seven-headed hydra bites you.
The seven-headed hydra bites you!
You hit the seven-headed hydra. You freeze the seven-headed hydra.
The seven-headed hydra is lightly wounded.
The seven-headed hydra bites you.
The seven-headed hydra bites you but does no damage.
The seven-headed hydra bites you.
The seven-headed hydra bites you but does no damage.
The seven-headed hydra bites you! The seven-headed hydra bites you.
The seven-headed hydra bites you but does no damage.
You hit the seven-headed hydra. You freeze the seven-headed hydra.
The seven-headed hydra is lightly wounded.
The seven-headed hydra bites you!
* * * LOW HITPOINT WARNING * * *
The seven-headed hydra closely misses you.
The seven-headed hydra bites you but does no damage.
The seven-headed hydra barely misses you.
The seven-headed hydra bites you!
* * * LOW HITPOINT WARNING * * *
The seven-headed hydra bites you!
* * * LOW HITPOINT WARNING * * *
The seven-headed hydra bites you!
You die...

......$....# #
...........#.#
.#.......#.#.#
.............##
..............#
.........(...##
.......D.....P#
.......Y.....#
..###...#.P..#
##.#.###..# #......# .#
#......## ## #.
.#P....##.......#..#
....P.....#..........#
.....^...##.........#
####.##....##......P..#


You could see a seven-headed hydra.

Vanquished Creatures
  A two-headed ogre (D:8)
  A lindwurm (Lair:1)
  An elephant (D:8)
  A komodo dragon (Lair:1)
  3 cane toads (Lair:1)
  A wyvern (D:8)
  9 yaks
  A basilisk (D:8)
  A steam dragon (D:8)
  Menkaure (D:6)
  5 water moccasins
  2 sky beasts
  An orc warrior (D:8)
  3 ice beasts
  A necrophage (D:7)
  A black bear (D:7)
  A centaur (D:8)
  3 kobold brigands
  7 bullfrogs
  A scorpion (D:5)
  A water moccasin zombie (D:6)
  3 wights (D:8)
  5 howler monkeys
  A hound (D:4)
  4 jellies (D:5)
  An orc priest (D:6)
  A centaur skeleton (D:6)
  2 iguanas
  3 orc wizards
  A killer bee zombie (D:7)
  7 adders
  2 white imps
  An ufetubus (D:5)
  3 worms (D:2)
  2 dart slugs
  26 orcs
  4 endoplasms
  2 giant cockroaches
  4 goblins
  A hobgoblin (D:1)
  7 jackals
  8 quokkas
  3 ball pythons
  5 bats
  A frilled lizard (D:3)
  18 kobolds
  A quokka skeleton (D:4)
  5 rats
167 creatures vanquished.

Vanquished Creatures (collateral kills)
  A yak (Lair:1)
1 creature vanquished.

Vanquished Creatures (others)
  An orc (D:8)
  2 plants (Lair:1)
3 creatures vanquished.

Grand Total: 171 creatures vanquished

Notes
Turn   | Place    | Note
-------+----------+-------------------------------------------
     0 | D:1      | barney the Draconian Transmuter began the quest for the
                  | Orb.
     0 | D:1      | Reached XP level 1. HP: 16/16 MP: 3/3
   669 | D:1      | Reached XP level 2. HP: 23/23 MP: 3/5
  1475 | D:1      | Found a faded altar of an unknown god.
  1609 | D:2      | Reached XP level 3. HP: 25/28 MP: 4/6
  2136 | D:2      | Learned a level 3 spell: Spider Form
  2139 | D:2      | Learned a level 2 spell: Wereblood
  2490 | D:2      | Found a bloodstained altar of Trog.
  2925 | D:3      | Reached XP level 4. HP: 35/35 MP: 5/7
  3921 | D:4      | Noticed a bullfrog
  3929 | D:4      | Killed a bullfrog
  3930 | D:4      | Reached skill level 5 in Transmutations
  3930 | D:4      | Reached XP level 5. HP: 38/40 MP: 8/8
  4247 | D:4      | Reached XP level 6. HP: 17/47 MP: 6/9
  4948 | D:5      | Entered Level 5 of the Dungeon
  4948 | D:5      | Noticed an ice beast
  5146 | D:5      | Killed an ice beast
  5848 | D:5      | Found a snail-covered altar of Cheibriados.
  5864 | D:5      | Noticed an ice beast
  5865 | D:5      | Found Ynlaff's Jewellery Shoppe.
  5871 | D:5      | Killed an ice beast
  5872 | D:5      | Your scales start taking on a dull iron-grey colour.
  5872 | D:5      | Reached XP level 7. HP: 39/52 MP: 10/10
  5877 | D:5      | Bought a ring of see invisible for 195 gold pieces
  7345 | D:6      | Reached skill level 4 in Unarmed Combat
  7611 | D:6      | Noticed Menkaure
  8141 | D:6      | Learned a level 4 spell: Ice Form
  8584 | D:6      | Killed Menkaure
  8585 | D:6      | Reached XP level 8. HP: 36/62 MP: 6/11
  9126 | D:7      | Reached skill level 5 in Unarmed Combat
  9835 | D:7      | Reached skill level 6 in Unarmed Combat
 10614 | D:7      | Found a staircase to the Ecumenical Temple.
 10639 | Temple   | Entered the Ecumenical Temple
 10860 | Temple   | Became a worshipper of Vehumet
 12323 | D:8      | Noticed an elephant
 12341 | D:7      | Reached XP level 9. HP: 45/72 MP: 7/12
 12502 | D:7      | Learned a level 3 spell: Ignite Poison
 12640 | D:8      | Reached skill level 7 in Unarmed Combat
 12718 | D:8      | Gained mutation: Your magical capacity is low. (-10% MP)
                  | [potion of mutation]
 13008 | D:8      | Reached skill level 5 in Fighting
 13008 | D:8      | Reached skill level 1 in Fire Magic
 13008 | D:8      | Reached skill level 1 in Poison Magic
 13191 | D:8      | Killed an elephant
 13462 | D:8      | Found a staircase to the Lair.
 13504 | D:8      | Noticed a two-headed ogre
 13515 | D:8      | Killed a two-headed ogre
 13516 | D:8      | Reached skill level 8 in Unarmed Combat
 14468 | D:8      | Learned a level 2 spell: Passwall
 14581 | D:8      | Reached * piety under Vehumet
 14581 | D:8      | Offered knowledge of Freeze by Vehumet.
 14582 | D:8      | Reached XP level 10. HP: 62/83 MP: 2/13
 15258 | D:8      | Reached skill level 1 in Earth Magic
 15528 | Lair:1   | Entered Level 1 of the Lair of Beasts
 15539 | Lair:1   | Noticed a lindwurm
 15554 | Lair:1   | Killed a lindwurm
 15555 | Lair:1   | Reached skill level 1 in Evocations
 16073 | Lair:1   | Noticed a cane toad
 16666 | Lair:1   | Killed a cane toad
 16667 | Lair:1   | Reached skill level 9 in Unarmed Combat
 17519 | Lair:1   | Lost mutation: Your magical capacity is low. (-10% MP)
                  | [potion of mutation]
 17519 | Lair:1   | Gained mutation: You are dopey. (Int -2) [potion of
                  | mutation]
 17519 | Lair:1   | Gained mutation: You are weak. (Str -2) [potion of
                  | mutation]
 17519 | Lair:1   | Gained mutation: You have large cloven feet. [potion of
                  | mutation]
 17616 | Lair:1   | Noticed a cane toad
 17629 | Lair:1   | Killed a cane toad
 18068 | Lair:1   | Noticed a cane toad
 18074 | Lair:1   | Killed a cane toad
 18343 | Lair:2   | Noticed a cane toad
 18360 | Lair:1   | HP: 3/103 [yak (8)]
 18399 | Lair:1   | Reached skill level 10 in Unarmed Combat
 18787 | Lair:2   | Noticed a seven-headed hydra
 18792 | Lair:2   | HP: 2/103 [seven-headed hydra (10)]
 18792 | Lair:2   | Mangled by a seven-headed hydra

Illustrated notes

Levels and vault maps discovered:
D:1:      saegor_arrival_simple_b, layout_loops_ring,
          dreamdust_ecumenical_altar_hidden_monk_grotto, patterned_corridor
D:2:      layout_basic, basic_altar
D:3:      layout_loops_cross, minmay_distorted
D:4:      layout_basic, nrook_loot_triangle
D:5:      layout_cave_pools, cheibriados_altar_1, minmay_shop_grid_forest,
          minmay_checkerbox
D:6:      layout_loops_ring, minmay_holes, uniq_menkaure
D:7:      layout_loops_corners, minmay_temple_entry_junction_2,
          minmay_increasing_density
D:8:      layout_basic, david_lair_generic, kennysheep_generic_room_11
Temple:   kilobyte_greek_temple
Lair:1:   layout_cave_shapes, grunt_forest_stairs_basic
Lair:2:   layout_regular_city, nicolae_spider_entry_orb_guardian,
          chequers_serial_rivers_room_a, beast_lair_carwin_10, lemuel_fruit_tree

Skill      XL: |  1  2  3  4  5  6  7  8  9 10 |
---------------+-------------------------------+-----
Transmutations | 3 4 5 6 7 8 9 |  9.5
Fighting       | 2 4 6 7 |  7.3
Unarmed Combat | 4 6 8 10 | 10.0
Fire Magic     | 3 |  3.0
Poison Magic   | 2 3 |  3.3
Spellcasting   | 3 |  3.5
Dodging        | 3 |  3.8
Earth Magic    | 3 |  3.0
Evocations     | 2 |  2.4

Action                   |  1- 3 |  4- 6 |  7- 9 | 10-12 || total
-------------------------+-------+-------+-------+-------++-------
Melee: Unarmed           |    86 |    51 |   162 |    75 ||   374
       Tailslap          |    15 |     5 |     8 |     3 ||    31
       Kick              |    13 |     6 |     5 |       ||    24
       Headbutt          |    12 |     6 |     2 |       ||    20
       Punch             |     3 |       |     2 |       ||     5
       Long sword        |    14 |    59 |    82 |    22 ||   177
 Cast: Beastly Appendage |    20 |     9 |     9 |       ||    38
       Spider Form       |     4 |     7 |     6 |     3 ||    20
       Ice Form          |       |       |    14 |     6 ||    20
       Wereblood         |       |       |     6 |     3 ||     9
       Ignite Poison     |       |       |     1 |     2 ||     3
  Use: Scroll            |       |       |    11 |     5 ||    16
       Potion            |       |       |     8 |     6 ||    14
 Stab: Sleeping          |     1 |     2 |     1 |       ||     4
Armor: Skin              |    20 |    34 |   113 |    34 ||   201
Dodge: Dodged            |    68 |   106 |   140 |    74 ||   388
       Rpst.: Long sword |     6 |    22 |    16 |     6 ||    50
